 Dungeon Crawl Stone Soup version 0.21-a0-203-gb066a6e (webtiles) character file.

29 Gorglomux the Conjurer (level 3, -2/30 HPs)
             Began as a Hill Orc Conjurer on Aug 19, 2017.
             Was a Follower of Cheibriados.
             Slain by Natasha (9 damage)
             ... on level 2 of the Dungeon.
             The game lasted 00:02:40 (1772 turns).

Gorglomux the Conjurer (Hill Orc Conjurer)          Turns: 1772, Time: 00:02:41

Health: -2/30      AC:  3    Str: 12    XL:     3   Next: 16%
Magic:  0/5        EV: 11    Int: 18    God:    Cheibriados [*.....]
Gold:   62         SH:  0    Dex: 13    Spells: 2/5 levels left

rFire    . . .     SeeInvis .   (no weapon)
rCold    . . .     Gourm    .   (no shield)
rNeg     . . .     Faith    .   e - +0 leather armour
rPois    .         Spirit   .   (no helmet)
rElec    .         Reflect  .   (no cloak)
rCorr    .         Harm     .   (no gloves)
MR       .....                  (no boots)
Stlth    ++........             (no amulet)
HPRegen  0.10/turn              (no ring)
MPRegen  0.09/turn              (no ring)

@: slowed, very slow
A: no striking features
a: Bend Time, Renounce Religion


You were on level 2 of the Dungeon.
You worshipped Cheibriados.
Cheibriados was aware of your devotion.
You were not hungry.

You visited 1 branch of the dungeon, and saw 2 of its levels.

You collected 62 gold pieces.

Inventory:

Armour
 e - a +0 leather armour (worn)
Scrolls
 i - a scroll of blinking {unknown}
 k - a scroll of identify {unknown}
Potions
 f - a potion of agility {unknown}
 g - a potion of mutation {unknown}
 h - a potion of curing
 j - a potion of heal wounds {unknown}
Books
 b - a book of Conjurations

   Spells                             Type                      Level
   a - Magic Dart                     Conjuration                  1
   b - Searing Ray                    Conjuration                  2
   c - Dazzling Spray                 Conjuration/Hexes            3
   d - Fulminant Prism                Conjuration/Hexes            4
   e - Force Lance                    Conjuration/Translocation    4
   f - Iskenderun's Mystic Blast      Conjuration                  4
Comestibles
 c - 2 bread rations


   Skills:
 + Level 2.5 Fighting
 - Level 1.0 Armour
 - Level 1.5 Dodging
 - Level 1.5 Stealth
 + Level 0.9 Unarmed Combat
 - Level 1.5 Spellcasting
 - Level 4.0 Conjurations


You had 2 spell levels left.
You knew the following spells:

 Your Spells              Type           Power        Failure   Level  Hunger
a - Magic Dart            Conj           ###.         4%          1    ##.....
b - Searing Ray           Conj           ###...       7%          2    ###....


Dungeon Overview and Level Annotations

Branches:
Dungeon (2/15)

Altars:
Cheibriados

Annotations:
D:2 Natasha


Message History

The magic dart hits you!!! The crimson imp completely misses you!
You closely miss Natasha!
Natasha is heavily wounded!
Natasha growls!
Natasha casts a spell at you!
You feel as though you will be slow longer!
The crimson imp hits you! * * * don't die
* * * Butt stares at you and mumbles some strange words!
You resist with significant effort!
Casting: Searing Ray
Confirm with ! or Enter, or press ? or * to list all spells!
Butt: Magic Butt
Press: ? - help, Shift-Dir - straight line, f/p - Natasha
Aim: Natasha (heavily wounded)
The magic dart hits Natasha!
Natasha is severely wounded!
The crimson imp hits you but does butt damage!
Natasha claws you!!! rip

#..........##
#...........#
#...........#
###...........#
.............##
#.....#...[##
#.....#.....###
#.####5.###...#
##### .. #.@##
###.#......
#h## #..<..# #5
#.#..## #.
.......) #.
#.#######.# ..
... .. .#### ..
$ [


You could see Natasha, a crimson imp and a white imp.

Vanquished Creatures
  A leopard gecko (D:1)
  6 bats
  A giant cockroach (D:1)
  3 hobgoblins
  4 frilled lizards (D:1)
  4 goblins
  3 kobolds (D:1)
  6 rats (D:1)
28 creatures vanquished.

Notes
Turn   | Place    | Note
-------+----------+-------------------------------------------
     0 | D:1      | Gorglomux the Hill Orc Conjurer began the quest for the Orb.
     0 | D:1      | Reached XP level 1. HP: 14/14 MP: 3/3
    58 | D:1      | Found a snail-covered altar of Cheibriados.
    66 | D:1      | Became a worshipper of Cheibriados the Contemplative
    67 | D:1      | Reached skill level 1 in Fighting
   276 | D:1      | Reached XP level 2. HP: 24/24 MP: 0/4
   322 | D:1      | Learned a level 2 spell: Searing Ray
   838 | D:1      | Reached skill level 1 in Armour
   985 | D:1      | Reached * piety under Cheibriados
  1460 | D:1      | Reached XP level 3. HP: 27/30 MP: 1/5
  1755 | D:2      | Noticed Natasha
  1772 | D:2      | Slain by Natasha

Vault maps used:
D:1:      co_arrival_random_square_maze, minmay_statues_item,
          cheibriados_altar_1
D:2:      minmay_tetromino_o4, uniq_natasha, uniq_jessica

Skill      XL: |  1  2 |
---------------+-------+-----
Fighting       | 1 2 |  2.5
Armour         | 1 |  1.0
Dodging        | |  1.5
Stealth        | |  1.5
Unarmed Combat | |  0.9
Spellcasting   | |  1.5
Conjurations   | |  4.0

Action                   || total
-------------------------++-------
Melee: Unarmed           ||    52
 Cast: Magic Dart        ||    35
       Searing Ray       ||     3
  Eat: Chunk             ||     3
Armor: Leather armour    ||    15
Dodge: Dodged            ||    42
